 Dungeon Crawl Stone Soup version 0.29-a0-653-gd47aff6735 (webtiles) character file.

Game seed: 6415766641208699766

45392 zeratav the Marksspriggan (level 14, -2/77 HPs)
             Began as a Spriggan Arcane Marksman on June 22, 2022.
             Was the Champion of Dithmenos.
             Engulfed by an ice statue's freezing vapour (21 damage)
             ... on level 15 of the Dungeon.
             The game lasted 01:06:06 (21536 turns).

zeratav the Marksspriggan (SpAM)                   Turns: 21536, Time: 01:06:07

Health: -2/77      AC:  9    Str:  6    XL:     14   Next: 0%
Magic:  17/17      EV: 28    Int: 14    God:    Dithmenos [******]
Gold:   2176       SH:  0    Dex: 31    Spells: 8/15 levels left

rFire   . . .      SeeInvis +   a - +2 shortbow {bow}
rCold   x . .      Faith    +   (shield currently unavailable)
rNeg    + + .      Spirit   .   I - +4 troll leather armour
rPois   .          Reflect  .   (helmet restricted)
rElec   .          Harm     .   l - +0 cloak
rCorr   +          Rampage  .   (gloves unavailable)
Will    +++..                   (boots unavailable)
Stlth   +++++++++.              i - amulet of Xom's Ringing Laughter {Faith rC- rN++ Will+ rCorr Dex+4}
HPRegen 1.02/turn               L - +6 ring of dexterity
MPRegen 0.15/turn               A - ring of flight

@: flying, wreathed by umbra, very quick
A: very small, no large weapons, unfitting armour, see invisible, speed 3
a: Renounce Religion, Shadow Step, Shadow Form


You were on level 15 of the Dungeon.
You worshipped Dithmenos.
Dithmenos was exalted by your worship.
You visited 2 branches of the dungeon, and saw 16 of its levels.
You also visited: Ossuary and Bailey.

You collected 2176 gold pieces.


Innate Abilities, Weirdness & Mutations

You are very small and have problems with some larger weapons.
You are too small for most types of armour.
You have supernaturally acute eyesight. (SInv)
You cover ground extremely quickly. (Speed+++)


   Skills:
 - Level 10.0 Fighting
 - Level 16.0 Bows
 - Level 10.0 Dodging
 - Level 10.0 Stealth
 - Level 1.3 Spellcasting
 + Level 12.3 Hexes
 - Level 5.0 Translocations
 - Level 8.0 Transmutations
 - Level 10.0 Evocations


You had 8 spell levels left.
You knew the following spells:

 Your Spells              Type           Power      Damage    Failure   Level
a - Slow                  Hex            100%       N/A       1%          1
b - Tukima's Dance        Hex            35%        N/A       1%          3
c - Portal Projectile     Hex/Tloc       50%        N/A       3%          3

Your spell library contained the following spells:

 Spells                   Type           Power      Damage    Failure   Level
 Beastly Appendage        Tmut           46%        N/A       1%          1
 Wereblood                Tmut           23%        N/A       2%          2
 Cause Fear               Hex            17%        N/A       2%          4
 Blink                    Tloc           28%        N/A       8%          2
 Inner Flame              Hex/Fire       18%        N/A       10%         3
 Summon Guardian Golem    Hex/Summ       18%        N/A       10%         3
 Lesser Beckoning         Tloc           14%        N/A       16%         3
 Yara's Violent Unravell  Hex/Tmut       14%        3d7       17%         5
 Spider Form              Tmut/Pois      12%        N/A       22%         3
 Leda's Liquefaction      Hex/Erth       9%         N/A       30%         4
 Passage of Golubria      Tloc           14%        N/A       45%         4
 Sublimation of Blood     Necr           0%         N/A       52%         2
 Silence                  Hex/Air        9%         N/A       65%         5
 Call Canine Familiar     Summ           0%         N/A       75%         3
 Stone Arrow              Conj/Erth      0%         3d7       75%         3
 Manifold Assault         Tloc           14%        N/A       80%         5
 Animate Armour           Summ/Erth      0%         N/A       98%         4
 Orb of Destruction       Conj           0%         9d5       100%        7
 Spellforged Servitor     Conj/Summ      0%         N/A       100%        7
 Storm Form               Tmut/Air       6%         N/A       100%        7
 Summon Hydra             Summ           0%         N/A       100%        7
 Lehudib's Crystal Spear  Conj/Erth      0%         10d2      100%        8

Inventory:

Hand Weapons
 a - a +2 shortbow (weapon) {bow}
 r - the +4 dagger "Dedaz" {flame, *Noise rElec rPois rN+++, short}
   (You found it on level 5 of the Dungeon)

   It burns those it strikes, dealing additional fire damage.
   rElec:     It insulates you from electricity.
   rPois:     It protects you from poison.
   rN:        It renders you almost immune to negative energy.
   *Noise:    It may make noises in combat.
 y - a +4 dagger of holy wrath {short}
   (You took it off Dowan on level 6 of the Dungeon)
 C - a +2 falchion of freezing {long}
   (You found it on level 14 of the Dungeon)
Armour
 l - a +0 cloak (worn)
   (You found it on level 1 of the Dungeon)
 I - a +4 troll leather armour (worn)
   (You found it on level 8 of the Dungeon)
Jewellery
 b - the amulet "Yhewnel" {Reflect *Slow rCorr Int+4 SH+5}
   (You found it on level 8 of the Dungeon)

   [amulet of reflection]

   It reflects blocked missile attacks.
   Int:       It affects your intelligence (+4).
   rCorr:     It protects you from acid and corrosion.
   *Slow:     It may slow you when you take damage.
   SH:        It affects your SH (+5).
 i - the amulet of Xom's Ringing Laughter (around neck) {Faith rC- rN++ Will+ rCorr Dex+4}
   (You found it on level 8 of the Dungeon)

   [amulet of faith]

   It allows you to gain divine favour quickly.
   Dex:       It affects your dexterity (+4).
   rC:        It makes you vulnerable to cold.
   rN:        It greatly protects you from negative energy.
   rCorr:     It protects you from acid and corrosion.
   Will:      It increases your willpower.
 s - a +4 ring of protection
   (You found it on level 5 of the Dungeon)
 A - a ring of flight (right hand)
   (You found it on level 6 of the Dungeon)
 F - a ring of poison resistance
   (You found it on level 7 of the Dungeon)
 J - a ring of protection from fire
   (You found it on level 8 of the Dungeon)
 K - a ring of resist corrosion
   (You found it on level 9 of the Dungeon)
 L - a +6 ring of dexterity (left hand)
   (You found it on level 9 of the Dungeon)
Wands
 o - a wand of charming (10)
   (You took it off Ijyb on level 3 of the Dungeon)
 x - a wand of digging (2)
   (You found it on level 6 of the Dungeon)
 G - a wand of mindburst (15)
   (You took it off an orc priest on level 8 of the Dungeon)
 P - a wand of acid (11)
   (You found it on level 12 of the Dungeon)
Scrolls
 c - 5 scrolls of vulnerability {!r!r}
 f - 2 scrolls of identify {@r1}
 h - 3 scrolls of fog
 k - 2 scrolls of blinking {!r}
 m - a scroll of magic mapping {!r}
 p - 4 scrolls of amnesia
 v - a scroll of enchant armour
 B - 5 scrolls of teleportation {@r4}
 E - 2 scrolls of fear
 M - 3 scrolls of summoning
 O - 3 scrolls of enchant weapon
 Q - 2 scrolls of poison {!r}
Potions
 d - 6 potions of curing {@q1}
 e - 2 potions of heal wounds {@q2}
 g - a potion of lignification {!q}
 j - 5 potions of mutation {unknown}
 n - a potion of berserk rage {unknown}
 q - a potion of cancellation {unknown}
 t - 2 potions of resistance
 u - 2 potions of might
 w - 2 potions of invisibility {unknown}
 z - 3 potions of attraction {unknown}
 D - 2 potions of magic {unknown}
 N - a potion of haste {unknown}
 R - a potion of flight {unknown}
Miscellaneous
 H - a lightning rod (4/4)
   (You found it on level 8 of the Dungeon)

Dungeon Overview and Level Annotations

Branches:
Dungeon (15/15) Zot: 26397  Temple (1/1) D:4 Zot: 5934    Lair (0/6) D:9
    Orc (0/2) D:10         Vaults (0/5) D:13         Depths (0/4) D:15
Ossuary (visited)          Bailey (visited)

Altars:
Ashenzari
Cheibriados
Dithmenos
Elyvilon
Fedhas
Gozag
Hepliaklqana
Kikubaaqudgha
Makhleb
Nemelex Xobeh
Okawaru
Qazlal
Ru
Sif Muna
Trog
Uskayaw
Vehumet
Wu Jian
Xom
Yredelemnul
Zin
The Shining One

Shops:
D:1 (

Portals:
Ice
Cave: D:15

Annotations:
D:7 Maggie
D:9 2 runed translucent doors, exclusion: orange crystal statue
D:13 Jorgrun
D:15 exclusion: ice statue

#########......# *****
.#......+......# ##...##
.#......#......# #..∩..#
.##.##..#,.....###.....#
.#####..##+#....##..8..#
...........#....#*☼.○○.#
...........#....#**○○○#*
...........'....####○#*
....##....##....@°°.°#
....##....############
######.....#......#
....##.....#......#
.........†.#......#
...........#......#
######....##'################
,,,,##....#.......#.........#
,,,,#.....'.......#.........#


There were no monsters in sight!


Message History

You shoot an arrow. The arrow hits the manticore!
Your shadow shoots an arrow.
The arrow hits the manticore.
You kill the manticore!
Dithmenos accepts your kill.
Training target 8.0 for Transmutations reached!
Your Transmutations skill increases to level 8!
You have reached level 14!
HP[+4] MP[+1]
You now have 77 max hp (+5).
You regained 4 hp, and now have 53/77 hp.
Your mp is fully restored (17).
You start resting.
You carefully extract the barbed spikes from your body.
HP[+5]
You regained 5 hp, and now have 58/77 hp.
HP[+1] HP[+1]
You see here an ugly thing corpse.
HP[+1] HP[+1] HP[+1]
You hear the quick crackling of a melting archway very nearby.
HP[+1]
There is an open door, spattered with blood here.
HP[+1] HP[+1] HP[+1] HP[+1] HP[+1] HP[+1]
You reach down and open the door.
An ice statue comes into view.
Marking area around an ice statue as unsafe for travelling.
Found a frozen archway.
HP[+1] Shoot: a) +2 shortbow {bow}
Press: ? - help, Q - select action, (/) - cycle Shift-Dir - straight line, f - ice statue
Aim: an ice statue (unaware, hasn't noticed you, umbra, 95% to hit)
You shoot an arrow.
The arrow hits the ice statue but does no damage.
The ice statue gestures at you. The freezing blast misses you.
HP[+1] Unknown command.
You are engulfed in freezing vapours.
HP[-12]
You take 12 damage, and now have 60/77 hp.
You are engulfed in freezing vapours.
HP[-16]
You take 16 damage, and now have 44/77 hp.
MASSIVE DAMAGE!! (PAUSE) HP[+1]
You start resting.
HP[+32]
Your hp is fully restored (77).
Really fly into a travel-excluded area?
The ice statue glitters chillingly in the dim dungeon light.
The ice statue gestures at you. The freezing blast misses you.
Unknown command.
Shoot: a) +2 shortbow {bow}
Press: ? - help, Q - select action, (/) - cycle Shift-Dir - straight line, f/p - ice statue
Aim: an ice statue (umbra, 95% to hit)
You shoot an arrow. The arrow hits the ice statue!
Your shadow shoots an arrow.
The arrow hits the ice statue but does no damage.
You are engulfed in freezing vapours.
The ice statue gestures at you. The bolt of cold misses you.
HP[-14]
You take 14 damage, and now have 63/77 hp.
Shoot: a) +2 shortbow {bow}
Press: ? - help, Q - select action, (/) - cycle Shift-Dir - straight line, f/p - ice statue
Aim: an ice statue (lightly damaged, umbra, 95% to hit)
You shoot an arrow. The arrow hits the ice statue!
You are engulfed in freezing vapours.
You emit a cloud of dark smoke.
The ice statue gestures at you. The shard of ice hits you!
You feel a painful chill!
* * * LOW HITPOINT WARNING * * *
HP[-29]
You take 29 damage, and now have 34/77 hp.
MASSIVE DAMAGE!! (PAUSE)
You are engulfed in freezing vapours.
* * * LOW HITPOINT WARNING * * *
HP[-8]
You take 8 damage, and now have 26/77 hp.
You are engulfed in freezing vapours.
* * * LOW HITPOINT WARNING * * *
HP[-13]
You take 13 damage, and now have 13/77 hp.
You feel much better.
You are engulfed in freezing vapours.
* * * LOW HITPOINT WARNING * * *
You emit a cloud of dark smoke.
HP[-3]
You take 3 damage, and now have 10/77 hp.
You feel much better.
You are engulfed in freezing vapours.
* * * LOW HITPOINT WARNING * * *
HP[+9]
You regained 9 hp, and now have 19/77 hp.
You are engulfed in freezing vapours.
You die...

Skill      XL: |  1  2  3  4  5  6  7  8  9 10 11 12 13 |
---------------+----------------------------------------+-----
Bows           | 3 4 5 6 8 9 10 13 16 | 16.0
Stealth        | 5 10 | 10.0
Dodging        | 5 10 | 10.0
Fighting       | 5 10 | 10.0
Evocations     | 1 10 | 10.0
Translocations | 5 |  5.0
Hexes          | 8 12 | 12.3
Transmutations | 8 |  8.0
Spellcasting   | |  1.3

Action                   |  1- 3 |  4- 6 |  7- 9 | 10-12 | 13-15 || total
-------------------------+-------+-------+-------+-------+-------++-------
Melee: Dagger            |       |       |     1 |    12 |       ||    13
 Fire: Shortbow          |    79 |   214 |   655 |   998 |   508 ||  2454
 Cast: Slow              |     3 |    10 |    13 |    20 |     4 ||    50
       Tukima's Dance    |       |       |       |     1 |    15 ||    16
Invok: Shadow Step       |       |       |       |     1 |       ||     1
Evoke: Wand              |       |     1 |     1 |     2 |     1 ||     5
  Use: Scroll            |       |     3 |     8 |    12 |     8 ||    31
       Potion            |       |       |       |       |     2 ||     2
 Stab: Sleeping          |       |       |     1 |     1 |       ||     2
Armor: Robe              |     8 |    12 |    23 |     9 |       ||    52
       Troll leather arm |       |       |       |    51 |    13 ||    64
Dodge: Dodged            |    25 |    58 |   132 |   478 |   132 ||   825

Levels and vault maps discovered:
D:1:      lightli_arrival_windingriver, layout_rooms, serial_shops, shop,
          dreamdust_ecumenical_altar_grove, minivault_23,
          minmay_misc_feat_enclosed, minmay_pentomino_t2
D:2:      layout_loops_corners, nrook_mini_vaults, uniq_terence, uniq_natasha
D:3:      lemuel_castle_with_subvaults [lemuel_castle_interior_original],
          layout_basic, elyvilon_altar_3, uniq_ijyb, uniq_sigmund
D:4:      layout_loops_corners, nicolae_overflow_hidden_temple, temple_fountains
D:5:      layout_loops_ring, lemuel_old_faithful, uniq_blork_the_orc
D:6:      layout_rooms, minmay_fractal_squares_diagonal_5, uniq_pikel,
          uniq_duvessa, uniq_edmund
D:7:      layout_loops_corners, mainiacjoe_overflow_alcove_4,
          nicolae_ossuary_entry_giza, water_maze_lemuel, uniq_maggie
D:8:      minmay_the_grid_triangle_9x9_rhombus_full
          [minmay_the_grid_triangle_9x9_from_above,
          minmay_the_grid_triangle_9x9_limited_checkers,
          minmay_the_grid_triangle_9x9_odd_lines,
          minmay_the_grid_triangle_9x9_tough_junction,
          minmay_the_grid_triangle_9x9_longest,
          minmay_the_grid_triangle_9x9_alien,
          minmay_the_grid_triangle_9x9_steps,
          minmay_the_grid_triangle_9x9_prize_insulated], layout_basic,
          mainiacjoe_overflow_alcove_3, kennysheep_another_room
D:9:      layout_long_grid, grunt_temple_overflow_open,
          due_lair_maze_entry_diamond, chequers_guarded_unrand_ignorance,
          uniq_prince_ribbit1, uniq_grum
D:10:     layout_rooms, cheibrodos_ashenzari_chains, kiku_gazebo_garden_becter,
          david_orc_2, enter_bailey_7, grunt_ministairs_5
D:11:     layout_cross, nzn_wu_jian_contemplation
D:12:     layout_irregular_city, nrook_mini_backslash
D:13:     layout_cave_pools, lightli_vaults_fourway_checkpoint,
          serial_co_window_serial, co_window_paths_a,
          co_window_of_opportunity_a, co_window_of_opportunity_a,
          co_window_corner_a, co_window_corner_a, co_window_cross_3,
          co_window_paths_c, co_window_unsneaky_path_b, co_window_corner_b,
          co_window_broadway_a, co_window_paths_c, co_window_paths_d,
          glass_columns_a, glass_columns_b, glass_columns_a, glass_columns_b,
          glass_columns_c, zin_treasury, uniq_snorg, uniq_nessos, uniq_lodul,
          uniq_jorgrun
D:14:     layout_basic, uniq_frances
D:15:     grunt_enter_depths_snipers, layout_gridville,
          portal_ice_cave_entry_ice_statue_one, chequers_serial_rivers_small_3
Temple:   eino_wide_crystal_templ

Notes
Turn   | Place    | Note
-------+----------+-------------------------------------------
     0 | D:1      | zeratav the Spriggan Arcane Marksman began the quest for
                  | the Orb.
     0 | D:1      | Reached XP level 1. HP: 9/9 MP: 3/3
     0 | D:1      | magus.rc [v1.9.6]
    87 | D:1      | You fall into a shaft and drop 1 floor!
   115 | D:2      | Reached skill level 3 in Bows
   236 | D:2      | Reached XP level 2. HP: 14/14 MP: 5/5
   267 | D:2      | You pick up a book of Changes and begin reading...
   267 | D:2      | You add the spells Beastly Appendage, Wereblood and Spider
                  | Form to your library.
   571 | D:2      | Reached skill level 4 in Bows
   867 | D:2      | Noticed Natasha
   872 | D:2      | Killed Natasha
   872 | D:2      | HP: 3/14 [rat (3)]
   873 | D:2      | Reached XP level 3. HP: 3/17 MP: 6/6
   882 | D:2      | HP: 3/17 [kobold/stone (1)]
  1263 | D:2      | Noticed Terence
  1271 | D:2      | Reached skill level 5 in Bows
  1282 | D:2      | HP: 3/17 [orc wizard/puff of flame (7)]
  1285 | D:2      | HP: 1/17 [poisoned by an orc wizard]
  1288 | D:2      | Reached XP level 4. HP: 1/21 MP: 7/7
  1390 | D:2      | Killed Terence
  1703 | D:2      | Reached skill level 6 in Bows
  1891 | D:2      | Noticed Natasha
  2177 | D:1      | Found Acsos's Weapon Boutique.
  2183 | D:1      | Found a faded altar of an unknown god.
  2224 | D:1      | You pick up a book of Dangerous Friends and begin
                  | reading...
  2224 | D:1      | You add the spells Summon Guardian Golem, Orb of
                  | Destruction and Spellforged Servitor to your library.
  2347 | D:1      | Reached XP level 5. HP: 20/25 MP: 8/8
  2513 | D:2      | Killed Natasha
  2668 | D:3      | You add the spells Tukima's Dance, Passage of Golubria and
                  | Yara's Violent Unravelling to your library.
  2738 | D:3      | Reached skill level 7 in Bows
  2854 | D:3      | Noticed Ijyb
  2899 | D:3      | Killed Ijyb
  3150 | D:3      | Noticed Sigmund
  3164 | D:3      | Killed Sigmund
  3165 | D:3      | Reached skill level 8 in Bows
  3165 | D:3      | Reached XP level 6. HP: 21/29 MP: 9/9
  3259 | D:3      | Found a white marble altar of Elyvilon.
  3429 | D:3      | HP: 2/29 [centaur/arrow (9)]
  3829 | D:3      | Reached skill level 9 in Bows
  3891 | D:3      | Reached XP level 7. HP: 27/32 MP: 10/10
  4130 | D:3      | You pick up a book of the Hunter and begin reading...
  4130 | D:3      | You add the spells Call Canine Familiar and Leda's
                  | Liquefaction to your library.
  4264 | D:3      | Reached skill level 10 in Bows
  4289 | D:3      | Reached skill level 2 in Stealth
  4300 | D:3      | Reached skill level 3 in Stealth
  4357 | D:3      | Reached skill level 4 in Stealth
  4425 | D:3      | Reached skill level 5 in Stealth
  5025 | D:4      | Reached XP level 8. HP: 37/37 MP: 11/11
  5372 | D:4      | Found a staircase to the Ecumenical Temple.
  5379 | Temple   | Entered the Ecumenical Temple
  5471 | Temple   | Became a worshipper of Dithmenos the Shadowed
  6192 | D:5      | Entered Level 5 of the Dungeon
  6256 | D:5      | Identified the +4 dagger "Dedaz" {flame, *Noise rElec rPois
                  | rN+++}
  6305 | D:5      | Reached skill level 11 in Bows
  6691 | D:5      | Noticed Blork the orc
  6705 | D:5      | Killed Blork the orc
  6743 | D:5      | Reached skill level 12 in Bows
  7248 | D:6      | Noticed Duvessa
  7250 | D:6      | Noticed Dowan
  7266 | D:6      | Noticed Pikel
  7441 | D:6      | Reached * piety under Dithmenos
  7449 | D:6      | Reached skill level 13 in Bows
  7499 | D:6      | HP: 9/37 [poisoned by a water moccasin]
  7661 | D:5      | Reached XP level 9. HP: 21/40 MP: 12/12
  7890 | D:5      | Killed Pikel
  7891 | D:5      | Reached skill level 14 in Bows
  7933 | D:6      | Killed Dowan
  8174 | D:5      | Killed Duvessa
  8209 | D:6      | HP: 9/40 [steam dragon] (4)]
  8549 | D:5      | Reached skill level 15 in Bows
  8610 | D:6      | Noticed Edmund
  8631 | D:6      | Killed Edmund
  9434 | D:7      | Reached skill level 16 in Bows
  9436 | D:7      | Reached skill level 3 in Dodging
  9627 | D:7      | Noticed an unseen horror
  9788 | D:7      | Found a sand-covered staircase.
  9806 | Ossuary  | Entered an ossuary
  9985 | Ossuary  | Reached skill level 4 in Dodging
 10057 | Ossuary  | Reached ** piety under Dithmenos
 10152 | D:7      | You add the spells Blink, Manifold Assault and Storm Form
                  | to your library.
 10227 | D:7      | Reached skill level 5 in Dodging
 10397 | D:7      | Reached XP level 10. HP: 44/44 MP: 11/13
 10495 | D:7      | Found an ornate altar of the Wu Jian Council.
 10570 | D:7      | Noticed Maggie
 10956 | D:4      | Found a radiant altar of Vehumet.
 10956 | D:4      | Found a blossoming altar of Fedhas.
 11078 | D:7      | Reached skill level 6 in Dodging
 11275 | D:8      | Reached skill level 7 in Dodging
 11350 | D:8      | Reached *** piety under Dithmenos
 11554 | D:8      | Reached skill level 8 in Dodging
 11594 | D:8      | Found a runed translucent door.
 11595 | D:8      | Found a runed translucent door.
 11696 | D:8      | Reached skill level 9 in Dodging
 11814 | D:8      | Found an opulent altar of Gozag.
 11814 | D:8      | Found a glowing silver altar of Zin.
 11816 | D:8      | You pick up a book of Blood and begin reading...
 11816 | D:8      | You add the spells Sublimation of Blood and Summon Hydra to
                  | your library.
 11818 | D:8      | Found a hide-covered altar of Uskayaw.
 11819 | D:8      | Found a glowing golden altar of the Shining One.
 12238 | D:8      | Noticed a two-headed ogre
 12260 | D:8      | Killed a two-headed ogre
 12261 | D:8      | Reached skill level 10 in Dodging
 12261 | D:8      | Reached skill level 2 in Fighting
 12271 | D:8      | Reached skill level 3 in Fighting
 12553 | D:8      | Reached skill level 4 in Fighting
 12602 | D:8      | Noticed a two-headed ogre
 12636 | D:8      | Killed a two-headed ogre
 12637 | D:8      | Reached skill level 5 in Fighting
 12682 | D:8      | Noticed a catoblepas
 12727 | D:8      | Killed a catoblepas
 12728 | D:8      | Reached XP level 11. HP: 47/56 MP: 14/14
 12857 | D:8      | Reached skill level 6 in Fighting
 12892 | D:8      | Noticed a centaur warrior
 12894 | D:8      | Identified the amulet "Yhewnel" {Reflect *Slow rCorr Int+4
                  | SH+5}
 12902 | D:8      | Identified the amulet of Xom's Ringing Laughter {Faith rC-
                  | rN++ Will+ rCorr Dex+4}
 13194 | D:9      | Noticed Grum
 13345 | D:9      | Reached **** piety under Dithmenos
 13352 | D:9      | Killed Grum
 13516 | D:9      | Found a runed translucent door.
 13531 | D:9      | Found the +10 tower shield of Ignorance {rN+ Int-4}
 13533 | D:9      | Noticed an orange crystal statue
 13556 | D:9      | Found a runed translucent door.
 13624 | D:9      | Reached skill level 7 in Fighting
 13706 | D:9      | Found a staircase to the Lair.
 13925 | D:9      | Noticed Prince Ribbit
 13938 | D:9      | Found a sparkling altar of Nemelex Xobeh.
 13939 | D:9      | Killed Prince Ribbit
 13943 | D:9      | Found a hazy altar of Hepliaklqana.
 13994 | D:9      | Noticed a two-headed ogre
 13999 | D:9      | Killed a two-headed ogre
 14000 | D:9      | Reached skill level 8 in Fighting
 14109 | D:10     | Entered Level 10 of the Dungeon
 14148 | D:10     | Found a staircase to the Orcish Mines.
 14303 | D:10     | Found a flagged portal.
 14326 | Bailey   | Entered a bailey
 14379 | Bailey   | Reached skill level 9 in Fighting
 14468 | Bailey   | Reached ***** piety under Dithmenos
 14494 | Bailey   | Noticed a vault guard
 14520 | Bailey   | Killed a vault guard
 14566 | Bailey   | Noticed a vault guard
 14651 | Bailey   | Killed a vault guard
 14652 | Bailey   | Reached skill level 10 in Fighting
 14652 | Bailey   | Reached skill level 1 in Evocations
 14652 | Bailey   | Reached XP level 12. HP: 67/67 MP: 15/15
 14750 | D:10     | Reached skill level 2 in Evocations
 14796 | D:10     | Reached skill level 3 in Evocations
 14816 | D:10     | Reached skill level 4 in Evocations
 15043 | D:10     | Reached skill level 5 in Evocations
 15070 | D:10     | Found a broken altar of Ashenzari.
 15161 | D:10     | Found an ancient bone altar of Kikubaaqudgha.
 15168 | D:10     | You pick up a book of Spatial Translocations and begin
                  | reading...
 15319 | D:11     | Noticed a two-headed ogre
 15340 | D:10     | Killed a two-headed ogre
 15341 | D:10     | Reached skill level 6 in Evocations
 15466 | D:11     | Noticed a two-headed ogre
 15474 | D:11     | Killed a two-headed ogre
 15475 | D:11     | Reached skill level 7 in Evocations
 15486 | D:11     | Found an ornate altar of the Wu Jian Council.
 15596 | D:11     | Reached skill level 8 in Evocations
 16155 | D:12     | Reached skill level 9 in Evocations
 16277 | D:12     | You pick up a book of Armaments and begin reading...
 16277 | D:12     | You add the spells Stone Arrow, Animate Armour and
                  | Lehudib's Crystal Spear to your library.
 16439 | D:12     | Reached skill level 10 in Evocations
 16439 | D:12     | Reached skill level 1 in Translocations
 16576 | D:13     | Noticed Snorg
 16644 | D:12     | Killed Snorg
 16645 | D:12     | Reached skill level 4 in Translocations
 16672 | D:13     | Found a gate to the Vaults.
 16672 | D:13     | Noticed a vault guard
 16672 | D:13     | Noticed a vault guard
 16672 | D:13     | Noticed a vault guard
 16672 | D:13     | Noticed a vault guard
 16672 | D:13     | Noticed a centaur warrior
 16672 | D:13     | Noticed a centaur warrior
 16789 | D:12     | Reached skill level 5 in Translocations
 16820 | D:13     | Reached skill level 4 in Hexes
 16860 | D:13     | Killed a centaur warrior
 16861 | D:13     | Reached skill level 5 in Hexes
 16915 | D:13     | Noticed Lodul
 16925 | D:13     | Reached skill level 6 in Hexes
 16933 | D:13     | Killed Lodul
 16948 | D:13     | Reached skill level 7 in Hexes
 16986 | D:13     | Noticed Nessos
 17110 | D:12     | Learned a level 3 spell: Tukima's Dance
 17122 | D:13     | Killed Nessos
 17215 | D:13     | Killed a vault guard
 17216 | D:13     | Reached skill level 8 in Hexes
 17427 | D:13     | Killed a vault guard
 17428 | D:13     | Reached XP level 13. HP: 72/72 MP: 16/16
 17500 | D:13     | Reached skill level 9 in Hexes
 17550 | D:13     | HP: 14/72 [meliai/divine providence (10)]
 17554 | D:13     | HP: 4/72 [meliai/divine providence (12)]
 17725 | D:13     | Reached skill level 10 in Hexes
 17800 | D:13     | Reached skill level 6 in Stealth
 17881 | D:13     | Reached skill level 7 in Stealth
 18278 | D:13     | Noticed Jorgrun
 18304 | D:13     | HP: 17/72 [constriction (9)]
 18315 | D:13     | HP: 16/72 [constriction (8)]
 18430 | D:13     | Reached skill level 8 in Stealth
 18593 | D:13     | Found a glowing silver altar of Zin.
 18988 | D:13     | Reached skill level 9 in Stealth
 19084 | D:14     | Reached skill level 10 in Stealth
 19129 | D:14     | Reached skill level 1 in Transmutations
 19275 | D:13     | Reached skill level 2 in Transmutations
 19388 | D:14     | You pick up a book of the Moon and begin reading...
 19438 | D:14     | Reached skill level 3 in Transmutations
 19486 | D:14     | Noticed Frances
 19690 | D:14     | Learned a level 3 spell: Portal Projectile
 19731 | D:14     | Reached skill level 4 in Transmutations
 19775 | D:14     | Identified a scroll of acquirement
 19776 | D:14     | Acquired 651 gold pieces
 20179 | D:14     | Killed Frances
 20180 | D:14     | Reached skill level 11 in Hexes
 20180 | D:14     | Reached skill level 5 in Transmutations
 20473 | D:14     | Identified the +1 ring mail of Reason {rPois rCorr Str+4}
 20699 | D:15     | Entered Level 15 of the Dungeon
 20760 | D:15     | Reached skill level 6 in Transmutations
 20846 | D:15     | Noticed a stone giant
 20862 | D:15     | Killed a stone giant
 20955 | D:15     | Reached skill level 7 in Transmutations
 21034 | D:15     | Found a staircase to the Depths.
 21166 | D:15     | Reached ****** piety under Dithmenos
 21222 | D:15     | Reached skill level 12 in Hexes
 21467 | D:15     | Reached skill level 8 in Transmutations
 21467 | D:15     | Reached XP level 14. HP: 53/77 MP: 17/17
 21492 | D:15     | Found a frozen archway.
 21533 | D:15     | HP: 12/77 [something] (14)]
 21536 | D:15     | Engulfed by an ice statue's freezing vapour

Vanquished Creatures
  Frances (D:14)
  A stone giant (D:15)
  Nessos (D:13)
  Snorg (D:12)
  6 vault guards
  4 centaur warriors
  A hydra (D:14)
  A catoblepas (D:8)
  7 two-headed ogres
  2 tengu warriors (D:15)
  Lodul (D:13)
  An orc knight (D:15)
  Pikel (D:5)
  3 deep elf pyromancers
  12 ugly things
  2 manticores (D:15)
  4 cyclopes
  An efreet (D:15)
  2 gargoyles
  A cane toad (shapeshifter) (D:15)
  A kobold demonologist (D:10)
  A komodo dragon (D:13)
  An unseen horror (D:13)
  A tengu conjurer (D:14)
  3 meliai (D:13)
  9 trolls
  A hornet (D:8)
  Prince Ribbit (D:9)
  A blink frog (Bailey)
  16 slime creatures
  Sigmund (D:3)
  2 shadows
  A centaur simulacrum (D:15)
  2 water elementals (D:14)
  A culicivora (shapeshifter) (D:14)
  2 wyverns
  9 yaks
  A vampire (D:11)
  3 wraiths
  4 humans (Bailey)
  3 steam dragons
  Grum (D:9)
  Edmund (D:6)
  Duvessa (D:5)
  4 water moccasins
  6 black bears
  9 orc warriors
  A sky beast (D:5)
  7 ogres
  3 wolves (D:8)
  4 centaurs
  A phantom (D:4)
  A kobold brigand (D:7)
  Blork the orc (D:5)
  A necrophage (D:7)
  17 bullfrogs
  2 gnoll sergeants
  4 scorpions
  Dowan (D:6)
  A wight (D:8)
  19 killer bees
  3 howler monkeys
  2 electric eels (D:7)
  2 jellies
  A gnoll shaman (D:8)
  7 hounds
  7 orc priests
  Ijyb (D:3)
  Terence (D:2)
  Natasha (twice) (D:2)
  5 iguanas
  16 orc wizards
  2 mummies
  28 gnolls
  6 adders
  2 shadow imps
  2 white imps
  An ufetubus (D:6)
  3 worms
  A dart slug (D:5)
  64 orcs
  5 bats
  8 endoplasms
  2 giant cockroaches (D:1)
  8 goblins
  3 hobgoblins
  15 jackals
  3 quokkas
  8 ball pythons
  6 frilled lizards
  5 gnoll skeletons (Ossuary)
  A hobgoblin zombie (D:7)
  19 kobolds
  11 kobold skeletons (Ossuary)
  9 orc skeletons (Ossuary)
  An orc zombie (D:7)
  4 rats
466 creatures vanquished.

Vanquished Creatures (others)
  2 dancing weapons (D:14)
  18 fungi
  18 plants
38 creatures vanquished.

Grand Total: 504 creatures vanquished

Table legend:
 A = Non-vault XP
 B = Vault XP
 C = Vault XP percentage of total XP
 D = Non-vault monster count
 E = Vault monster count
 F = Vault count percentage of total count
                 A         B        C        D         E       F
            +---------+---------+-------+---------+---------+-------
      Total |   36289 |   28557 |  44.0 |     269 |     197 |  42.3
            +---------+---------+-------+---------+---------+-------
        D:1 |      49 |       3 |   5.8 |      23 |       2 |   8.0
        D:2 |     122 |      71 |  36.8 |      21 |       2 |   8.7
        D:3 |      51 |    1034 |  95.3 |      17 |      57 |  77.0
        D:4 |     199 |       0 |   0.0 |      18 |       0 |   0.0
        D:5 |     876 |    1018 |  53.7 |      16 |       4 |  20.0
        D:6 |     667 |     785 |  54.1 |      16 |       7 |  30.4
        D:7 |     816 |      20 |   2.4 |      19 |       3 |  13.6
        D:8 |    2493 |    4606 |  64.9 |      30 |      24 |  44.4
        D:9 |    1713 |    1430 |  45.5 |      12 |       9 |  42.9
       D:10 |    3867 |     961 |  19.9 |      24 |      16 |  40.0
       D:11 |    2325 |       0 |   0.0 |       6 |       0 |   0.0
       D:12 |    3552 |     967 |  21.4 |      17 |       1 |   5.6
       D:13 |    6674 |    9496 |  58.7 |      18 |      19 |  51.4
       D:14 |    7243 |    1469 |  16.9 |      15 |       1 |   6.2
       D:15 |    5642 |    2684 |  32.2 |      17 |       3 |  15.0
    Ossuary |       0 |     245 | 100.0 |       0 |      27 | 100.0
     Bailey |       0 |    3768 | 100.0 |       0 |      22 | 100.0
            +---------+---------+-------+---------+---------+-------

Illustrated notes

Table legend:
 A = Kills in this place as a percentage of kills in entire the game.
 B = Kills by you in this place as a percentage of kills by you in the entire game.
 C = Kills by friends in this place as a percentage of kills by friends in the entire game.
 D = Other kills in this place as a percentage of other kills in the entire game.
 E = Experience gained in this place as a percentage of experience gained in the entire game.
 F = Experience gained in this place divided by the number of levels of this place that you have seen.
                   A       B       C       D       E      F
               +-------+-------+-------+-------+-------+----------------------
         Total | 100.0 | 100.0 |   N/A |   N/A | 100.0 | 3602.6
       Dungeon |  89.5 |  89.5 |   N/A |   N/A |  93.8 | 4055.5
       Ossuary |   5.8 |   5.8 |   N/A |   N/A |   0.4 | 245.0
        Bailey |   4.7 |   4.7 |   N/A |   N/A |   5.8 | 3768.0
               +-------+-------+-------+-------+-------+----------------------

Table legend: (Time is in decaauts)
 A = Elapsed time spent in this place.
 B = Non-inter-level travel time spent in this place.
 C = Inter-level travel time spent in this place.
 D = Time resting spent in this place.
 E = Time spent auto-exploring this place.
 F = Levels seen in this place.
 G = Mean time per level.
                   A        B        C        D        E       F      G
               +--------+--------+--------+--------+--------+-----+--------+
         Total |  15790 |  15029 |    761 |   3733 |   6210 |  18 |  877.2 |
       Dungeon |  15215 |  14477 |    738 |   3683 |   6031 |  15 | 1014.3 |
        Temple |     65 |     43 |     22 |      0 |     36 |   1 |   65.0 |
       Ossuary |    230 |    230 |      0 |     47 |     83 |   1 |  230.0 |
        Bailey |    279 |    279 |      0 |      3 |     58 |   1 |  279.0 |
               +--------+--------+--------+--------+--------+-----+--------+

Top non-repeatable levels by time:
     D:3: 1973 daAuts
     D:5: 1758 daAuts
     D:8: 1622 daAuts
     D:2: 1606 daAuts
    D:13: 1548 daAuts
    D:14: 982 daAuts
     D:7: 949 daAuts
    D:12: 904 daAuts
     D:4: 771 daAuts
     D:6: 654 daAuts
    D:15: 602 daAuts
    D:10: 571 daAuts
     D:1: 503 daAuts
     D:9: 497 daAuts
  Bailey: 279 daAuts
